 Dungeon Crawl Stone Soup version 0.31-a0-523-g071a6c1ffa (webtiles) character file.

Game seed: 6141793966926283520

0 Ethylacetat the Ducker (level 1, -1/14 HPs)
             Began as an Octopode Gladiator on Aug 11, 2023.
             Slain by a goblin
             ... wielding a +0 dagger
              (3 damage)
             ... on level 1 of the Dungeon.
             The game lasted 00:00:12 (40 turns).

Ethylacetat the Ducker (Octopode Gladiator)           Turns: 40, Time: 00:00:12

Health: -1/14      AC:  1    Str: 13    XL:     1   Next: 0%
Magic:  1/1        EV: 13    Int: 10    God:
Gold:   0          SH:  0    Dex: 13    Spells: 0/0 levels left

rFire   . . .        a - +0 long sword
rCold   . . .        (no shield)
rNeg    . . .        b - +0 hat
rPois   .            (no amulet)
rElec   .            (no ring)
rCorr   .            (no ring)
SInv    .            (no ring)
Will    .....        (no ring)
Stlth   ++           (no ring)
HPRegen 0.22/turn    (no ring)
MPRegen 0.07/turn    (no ring)
                     (no ring)

%: no passive effects
@: no status effects
A: almost no armour, amphibious, 8 rings, camouflage 1, gelatinous body 1,
(nimble swimmer 1), tentacles
a: no special abilities


You were on level 1 of the Dungeon.
You visited 1 branch of the dungeon, and saw 1 of its levels.

Inventory:

Hand Weapons
 a - a +0 long sword (weapon)
Missiles
 c - 3 throwing nets (quivered)
 d - a javelin
Armour
 b - a +0 hat (worn)


   Skills:
 + Level 2.0 Fighting
 + Level 3.0 Long Blades
 - Level 2.0 Throwing
 + Level 3.0 Dodging
 + Level 0.0 Stealth


You couldn't memorise any spells.
You didn't know any spells.
Your spell library was empty.

Dungeon Overview and Level Annotations

Branches:
Dungeon (1/15)

Altars:


Innate Abilities, Weirdness & Mutations

You cannot wear most types of armour.
You are amphibious.
You can wear up to eight rings at the same time.
Your skin changes colour to match your surroundings (Stealth+).
Your rubbery body absorbs attacks. (AC +1, EV +1)
((You are camouflaged when in or above water. (Stealth+)))
You have tentacles for arms and can constrict up to eight enemies at once.


Message History

Welcome, Ethylacetat the Octopode Gladiator.
The fabled Orb of Zot lies far below, as if waiting for you to find it.
Press ? for a list of commands and other information.
Found a staircase leading out of the dungeon.
A hobgoblin comes into view.
The hobgoblin shouts!
A jackal comes into view.
There are monsters nearby!
Found a stone staircase leading down.
There are monsters nearby! 2 goblins come into view.
The goblin shouts!
A bat comes into view.
The goblin moves out of view.
The hobgoblin hits you.
A goblin comes into view. It is wielding a +0 dagger.
You closely miss the hobgoblin.
The goblin shouts! x2
You grab the hobgoblin.
You constrict the hobgoblin, but do no damage.
The hobgoblin hits you.
The goblin throws a stone.
The stone misses you.
You barely miss the hobgoblin. You constrict the hobgoblin.
The jackal barks!
The hobgoblin escapes!
You hit the hobgoblin. Your grab misses the hobgoblin.
The hobgoblin is almost dead.
The hobgoblin hits you.
The goblin throws a stone.
The stone barely misses you.
The stone closely misses the hobgoblin.
The goblin attacks as you move away! The goblin hits you with a +0 dagger.
The hobgoblin completely misses you. The goblin attacks as you move away!
The goblin hits you with a +0 dagger. The hobgoblin hits you.
* * * LOW HITPOINT WARNING * * *
You hit the bat.
You kill the bat!
The hobgoblin closely misses you. The goblin hits you with a +0 dagger.
You die...

######. .... .....#
#.#.# ..........
...#.#.# ...>..
###############.#.#.#.#
...............g.....#..
#####.........gg###....#
#####.#######..g@†......
≈≈≈≈♣.♣≈≈≈≈##..####....#
≈...♣.♣...≈##..# #..
≈.♣.....P.≈###..
≈♣♣♣...PPP≈# ###.
♣.♣.....P.♣## ..
.....<....~..
♣.P.....P.♣##
≈PPP...PPP≈#


You could see a hobgoblin and 3 goblins.

Vanquished Creatures
  A bat (D:1)
1 creature vanquished.

Notes
Turn   | Place    | Note
-------+----------+-------------------------------------------
     0 | D:1      | Ethylacetat the Octopode Gladiator began the quest for the
                  | Orb.
     0 | D:1      | Reached XP level 1. HP: 14/14 MP: 1/1
    40 | D:1      | Slain by a goblin

Illustrated notes

Levels and vault maps discovered:
D:1:      ldierk_walled_garden, layout_basic, palyth_stone_intersect,
          st_stairs_8, minmay_distorted

Action                     || total
---------------------------++-------
  Melee: Long sword        ||     4
         Constrict         ||     1
  Dodge: Dodged            ||     4

Table legend: (Time is in decaauts)
 A = Elapsed time spent in this place.
 B = Non-inter-level travel time spent in this place.
 C = Inter-level travel time spent in this place.
 D = Time resting spent in this place.
 E = Time spent auto-exploring this place.
 F = Levels seen in this place.
 G = Mean time per level.
                   A        B        C        D        E       F      G
               +--------+--------+--------+--------+--------+-----+--------+
         Total |     40 |     40 |      0 |      0 |     30 |   1 |   40.0 |
       Dungeon |     40 |     40 |      0 |      0 |     30 |   1 |   40.0 |
               +--------+--------+--------+--------+--------+-----+--------+

Top non-repeatable levels by time:
     D:1: 40 daAuts
